 Dungeon Crawl Stone Soup version 0.31-a0-4-gefa6de2278 (webtiles) character file.

Game seed: 7327528247252754508

182 Pimp the Ruffian (level 5, 0/42 HPs)
             Began as a Draconian Transmuter on May 4, 2023.
             Slain by an iguana (7 damage)
             ... on level 4 of the Dungeon.
             The game lasted 00:06:09 (3174 turns).

Pimp the Ruffian (Draconian Transmuter)             Turns: 3174, Time: 00:06:10

Health: 0/42       AC:  5    Str: 13    XL:     5   Next: 35%
Magic:  9/9        EV: 12    Int: 15    God:
Gold:   145        SH:  0    Dex: 11    Spells: 6/10 levels left

rFire   . .          .
                       - Unarmed
rCold   + . .        (no shield)
rNeg    . . .        (body armour unavailable)
rPois   .            (helmet currently unavailable)
rElec   .            (no cloak)
rCorr   .            (no gloves)
SInv    .            d - melded +1 pair of boots
Will    +....        (no amulet)
Stlth   +            h - ring of protection from cold
HPRegen 0.27/turn    g - ring of willpower
MPRegen 0.11/turn

%: no passive effects
@: appendages (expiring)
A: horns 2, talons 2, AC +5, unfitting armour, cold-blooded
a: End Transformation


You were on level 4 of the Dungeon.
You had temporarily grown beastly horns and talons.
You visited 1 branch of the dungeon, and saw 4 of its levels.

You collected 145 gold pieces.

Inventory:

Armour
 d - a +1 pair of boots (melded)
Jewellery
 c - a ring of magical power
 g - a ring of willpower (right hand)
 h - a ring of protection from cold (left hand)
 j - a ring of fire
Wands
 e - a wand of digging (7)
 p - a wand of flame (11)
Scrolls
 m - 3 scrolls of teleportation
 n - a scroll of enchant armour
 o - a scroll of immolation
 q - a scroll of noise {unknown}
Potions
 a - a potion of lignification
 b - 4 potions of flight
 f - a potion of curing
 i - a potion of attraction {unknown}
 k - a potion of mutation {unknown}
 l - a potion of brilliance {unknown}


   Skills:
 + Level 2.7 Fighting
 + Level 2.7 Dodging
 + Level 3.8 Unarmed Combat
 + Level 3.0 Spellcasting
 + Level 3.0 Transmutations


You had 6 spell levels left.
You knew the following spells:

 Your Spells              Type           Power      Damage    Failure   Level
a - Beastly Appendage     Tmut           22%        N/A       6%          1
b - Spider Form           Tmut/Pois      6%         N/A       32%         3

Your spell library contained the following spells:

 Spells                   Type           Power      Damage    Failure   Level
 Wereblood                Tmut           11%        N/A       9%          2
 Ice Form                 Ice/Tmut       6%         N/A       71%         4


Dungeon Overview and Level Annotations

Branches:
Dungeon (4/15)
 Temple: D:4-7

Altars:

Shops:
D:1 !*


Innate Abilities, Weirdness & Mutations

You have temporarily grown beastly horns and talons.
Your plain brown scales are hard. (AC +5)
You cannot fit into any form of body armour.
You are cold-blooded and may be slowed by cold attacks.


Message History

You headbutt the iguana, but do no damage.
The iguana misses you.
You hit the iguana. You claw the iguana.
The iguana is heavily wounded.
The iguana barely misses you.
You hit the iguana. Your kick misses the iguana.
Your tail-slap misses the iguana.
The iguana is heavily wounded.
The iguana barely misses you.
You barely miss the iguana.
The iguana is heavily wounded.
You hear the brisk hiss of a very distant avalanche of sand.
The iguana bites you.
You hit the iguana but do no damage. Your kick misses the iguana.
Your headbutt misses the iguana.
The iguana is heavily wounded.
The iguana barely misses you.
You hit the iguana but do no damage. Your kick misses the iguana.
Your headbutt misses the iguana.
Your tail-slap misses the iguana.
The iguana is heavily wounded.
The iguana bites you!
You hit the iguana but do no damage.
You tail-slap the iguana, but do no damage.
The iguana is heavily wounded.
Your transformation is almost over.
The iguana bites you!
You barely miss the iguana. Your kick misses the iguana.
You headbutt the iguana, but do no damage.
The iguana is heavily wounded.
The iguana bites you.
You hit the iguana but do no damage. You claw the iguana, but do no damage.
Your tail-slap misses the iguana.
The iguana is heavily wounded.
The iguana bites you!
* * * LOW HITPOINT WARNING * * *
You barely miss the iguana. Your kick misses the iguana.
You tail-slap the iguana, but do no damage.
The iguana is heavily wounded.
The iguana bites you!
You die...

##############
#............#####
#.##########......
#.# ####### #.#
#.# #.# #@# #l#
#.# #.# ... ..>
### ... ... ##.##


You could see an iguana.

Vanquished Creatures
  A scorpion (D:4)
  A hound (D:3)
  Ijyb (D:3)
  A worm (D:3)
  5 dart slugs
  4 endoplasms
  2 giant cockroaches
  4 goblins
  15 jackals
  6 kobolds
  3 quokkas
  3 ball pythons
  4 bats
  4 frilled lizards
  3 rats
57 creatures vanquished.

Notes
Turn   | Place    | Note
-------+----------+-------------------------------------------
     0 | D:1      | Pimp the Draconian Transmuter began the quest for the Orb.
     0 | D:1      | Reached XP level 1. HP: 16/16 MP: 3/3
   189 | D:1      | Reached XP level 2. HP: 23/23 MP: 5/5
   503 | D:1      | Found a transporter.
   581 | D:1      | Found a transporter.
   586 | D:1      | Found Vayweb's Distillery.
   719 | D:1      | Found Vysching's General Store.
  1066 | D:1      | Reached XP level 3. HP: 29/29 MP: 4/6
  1584 | D:2      | Found a faded altar of an unknown god.
  2142 | D:3      | Reached XP level 4. HP: 33/36 MP: 7/7
  2182 | D:3      | Noticed Ijyb
  2207 | D:3      | Killed Ijyb
  2500 | D:3      | Learned a level 3 spell: Spider Form
  2777 | D:4      | Noticed a scorpion
  2786 | D:4      | Killed a scorpion
  2787 | D:4      | Reached XP level 5. HP: 29/42 MP: 7/9
  3174 | D:4      | Slain by an iguana

Illustrated notes

Levels and vault maps discovered:
D:1:      co_arrival_random_square_maze, layout_loops_ring, serial_shops,
          nicolae_shop_drivethru, nicolae_shop_rolling_square
D:2:      layout_basic, hellmonk_ecumenical_altar_slurped_away
D:3:      layout_basic, uniq_ijyb
D:4:      layout_loops_ring, nicolae_ossuary_entry_giza,
          chequers_serial_rivers_micro_c

Skill      XL: |  1  2  3  4  5 |
---------------+----------------+-----
Dodging        | 2 |  2.7
Fighting       | 2 |  2.7
Transmutations | 3 |  3.0
Spellcasting   | 3 |  3.0
Unarmed Combat | |  3.8

Action                     |  1- 3 |  4- 6 || total
---------------------------+-------+-------++-------
  Melee: Unarmed           |   119 |    57 ||   176
         Kick              |    21 |    15 ||    36
         Headbutt          |    15 |    13 ||    28
         Punch             |     3 |     3 ||     6
         Tailslap          |    10 |     6 ||    16
   Cast: Beastly Appendage |    24 |    13 ||    37
    Use: Scroll            |     6 |     2 ||     8
         Potion            |       |     1 ||     1
   Stab: Sleeping          |       |     1 ||     1
 Armour: Skin              |    71 |    11 ||    82
  Dodge: Dodged            |   115 |    23 ||   138

Table legend: (Time is in decaauts)
 A = Elapsed time spent in this place.
 B = Non-inter-level travel time spent in this place.
 C = Inter-level travel time spent in this place.
 D = Time resting spent in this place.
 E = Time spent auto-exploring this place.
 F = Levels seen in this place.
 G = Mean time per level.
                   A        B        C        D        E       F      G
               +--------+--------+--------+--------+--------+-----+--------+
         Total |   3162 |   3046 |    116 |    177 |   2262 |   4 |  790.5 |
       Dungeon |   3162 |   3046 |    116 |    177 |   2262 |   4 |  790.5 |
               +--------+--------+--------+--------+--------+-----+--------+

Top non-repeatable levels by time:
     D:1: 1180 daAuts
     D:2: 836 daAuts
     D:3: 734 daAuts
     D:4: 410 daAuts
